 Dungeon Crawl Stone Soup version 0.30-a0-852-g08b95dd62f (webtiles) character file.

Game seed: 3906690936863737687

6340 cforsyth the Thaumaturge (level 10, -3/50 HPs)
             Began as a Deep Elf Earth Elementalist on Mar 5, 2023.
             Was a Believer of Vehumet.
             Shot with a sling bullet by Joseph (5 damage)
             ... on level 10 of the Dungeon.
             The game lasted 00:14:10 (9887 turns).

cforsyth the Thaumaturge (DEEE)                     Turns: 9887, Time: 00:14:11

Health: -3/50      AC:  5    Str:  5    XL:     10   Next: 64%
Magic:  24/30      EV: 12    Int: 32    God:    Vehumet [**....]
Gold:   1687       SH:  0    Dex: 12    Spells: 34/38 levels left

rFire   + . .      SeeInvis .    (no weapon)
rCold   . . .      Faith    .    (no shield)
rNeg    . . .      Spirit   .    j - +2 robe of Words of Power {Will+ Int+7 Dex-3}
rPois   .          Reflect  .    (no helmet)
rElec   .          Rampage  .    v - +0 cloak
rCorr   .                        (no gloves)
Will    ++...                    (no boots)
Stlth   ++                       (no amulet)
HPRegen 0.28/turn                o - ring of protection from fire
MPRegen 0.22/turn                (no ring)

@: no status effects
A: no striking features
a: Renounce Religion


You were on level 10 of the Dungeon.
You worshipped Vehumet.
Vehumet was pleased with you.
You visited 2 branches of the dungeon, and saw 11 of its levels.
You also visited: Sewer.

You collected 1710 gold pieces.
You spent 23 gold pieces at shops.

Inventory:

Armour
 j - the +2 robe of Words of Power (worn) {Will+ Int+7 Dex-3}
   (You found it on level 5 of the Dungeon)

   Int:       It affects your intelligence (+7).
   Dex:       It affects your dexterity (-3).
   Will:      It increases your willpower.
 v - a +0 cloak (worn)
Jewellery
 o - a ring of protection from fire (left hand)
 x - a +6 ring of strength
 A - an amulet of faith
Wands
 m - a wand of iceblast (31)
 u - a wand of digging (6)
 D - a wand of flame (12)
Scrolls
 c - 3 scrolls of noise {unknown}
 d - 2 scrolls of fear
 e - 2 scrolls of immolation
 f - a scroll of fog {unknown}
 h - 2 scrolls of teleportation
 k - a scroll of amnesia {unknown}
 l - 5 scrolls of magic mapping {unknown}
 s - 2 scrolls of enchant armour {unknown}
 w - a scroll of enchant weapon {unknown}
 C - a scroll of blinking
Potions
 a - a potion of haste {unknown}
 b - a potion of magic
 g - 4 potions of heal wounds
 i - 6 potions of curing
 n - a potion of flight
 p - 2 potions of resistance
 q - 3 potions of attraction {unknown}
 r - a potion of brilliance
 t - a potion of cancellation
 z - 2 potions of invisibility
 B - 2 potions of mutation
 E - a potion of ambrosia {unknown}


   Skills:
 - Level 2.4 Dodging
 - Level 2.4 Stealth
 + Level 14.9 Spellcasting
 - Level 1.1 Transmutations
 + Level 12.9 Earth Magic


You had 34 spell levels left.
You knew the following spells:

 Your Spells              Type           Power      Damage    Failure   Level
a - Sandblast             Erth           100%       2d20      0%          1
b - Stone Arrow           Conj/Erth      100%       3d13      1%          3

Your spell library contained the following spells:

 Spells                   Type           Power      Damage    Failure   Level
 Static Discharge         Conj/Air       46%        2-4/arc   2%          2
 Apportation              Tloc           46%        N/A       1%          1
 Necrotise                Necr           92%        1d8       1%          1
 Summon Small Mammal      Summ           92%        N/A       1%          1
 Passwall                 Tmut/Erth      51%        N/A       1%          2
 Petrify                  Tmut/Erth      62%        N/A       1%          4
 Ensorcelled Hibernation  Hex/Ice        46%        N/A       2%          2
 Lesser Beckoning         Tloc           46%        N/A       2%          2
 Spider Form              Tmut/Pois      27%        N/A       4%          3
 Confusing Touch          Hex            23%        N/A       5%          3
 Gell's Gravitas          Tloc           23%        N/A       5%          3
 Teleport Other           Tloc           23%        N/A       5%          3
 Tukima's Dance           Hex            23%        N/A       5%          3
 Anguish                  Hex/Necr       11%        N/A       19%         4
 Spellforged Servitor     Conj/Summ      11%        N/A       100%        7


Dungeon Overview and Level Annotations

Branches:
Dungeon (10/15)            Temple (1/1) D:7             Orc (0/2) D:10
  Sewer (visited)
   Lair: D:8-11

Altars:
Ashenzari
Cheibriados
Elyvilon
Fedhas
Gozag
Makhleb
Qazlal
Vehumet
Wu Jian
Zin

Shops:
D:4 *   D:8 *

Annotations:
D:3 3 runed translucent doors, cforsyth's ghost, amateur DEEE
D:10 Joseph


Message History

You feel your power returning.
You now have 1653 gold pieces (gained 21).
You now have 1663 gold pieces (gained 10).
You see here a +0 scimitar of flaming.
You now have 1687 gold pieces (gained 24).
You open the door.
Found a robe.
There is an open door here.
Joseph, a Mercenary comes into view.
He is wielding a +0 quarterstaff.
Joseph shouts!
Joseph unwields a +0 quarterstaff.
Joseph wields a +0 sling.
Joseph shoots a sling bullet.
The sling bullet hits you!
Joseph is nearby!
Joseph is nearby!
Joseph is nearby!
Joseph shoots a sling bullet.
The sling bullet hits you!!
Joseph shoots a sling bullet.
The sling bullet barely misses you.
Casting: Stone Arrow (safe; 1% risk of failure)
Confirm with . or Enter, or press ? or * to list all spells.
You can't see any susceptible monsters within range! (Use Z to cast anyway.) Joseph shoots a sling bullet.
The sling bullet hits you.
* * * LOW HITPOINT WARNING * * *
Casting: Stone Arrow (safe; 1% risk of failure)
Confirm with . or Enter, or press ? or * to list all spells.
Aiming: Stone Arrow (safe; 1% risk of failure)
Press: ? - help, Shift-Dir - straight line, f - Joseph
Aim: Joseph, wielding a +0 sling and wearing a +0 leather armour (78% to hit)
The stone arrow hits Joseph!!
Joseph is heavily wounded.
Joseph shoots a sling bullet.
The sling bullet hits you!
* * * LOW HITPOINT WARNING * * *
Casting: Stone Arrow (safe; 1% risk of failure)
Confirm with . or Enter, or press ? or * to list all spells.
Aiming: Stone Arrow (safe; 1% risk of failure)
Press: ? - help, Shift-Dir - straight line, f/p - Joseph
Aim: Joseph, wielding a +0 sling and wearing a +0 leather armour (heavily wounded, 78% to hit)
The stone arrow hits Joseph!!
Joseph is almost dead.
Joseph shoots a sling bullet.
The sling bullet hits you.
You die...

#.................#
#...##......##....# ....
#...##......##....# ....
#.................#.....
######......#######.....
#......'...........
###+####......[....
.................
..###....@.......
#............
#............
#........@...
..............
###############


You could see Joseph.

Vanquished Creatures
  A two-headed ogre (D:9)
  A deep elf pyromancer (D:9)
  An efreet (D:10)
  2 trolls
  A hornet (D:6)
  A yak (D:9)
  A wyvern (D:9)
  2 steam dragons
  4 water moccasins
  2 orc warriors
  An ice beast (D:8)
  An ogre (D:6)
  2 centaurs
  2 phantoms (D:6)
  5 bullfrogs
  2 kobold brigands
  A gnoll sergeant (D:6)
  2 scorpions
  8 wights
  7 killer bees
  2 howler monkeys
  2 hounds
  3 gnoll boudas
  9 orc priests
  2 jellies
  4 iguanas
  A sleepcap (D:8)
  13 orc wizards
  12 gnolls
  10 adders
  A shadow imp (D:5)
  A white imp (D:6)
  A worm (D:4)
  2 dart slugs
  61 orcs
  11 endoplasms
  7 giant cockroaches
  6 goblins
  6 hobgoblins
  13 quokkas
  14 ball pythons
  4 bats
  8 frilled lizards
  14 kobolds
  10 rats
264 creatures vanquished.

Notes
Turn   | Place    | Note
-------+----------+-------------------------------------------
     0 | D:1      | cforsyth the Deep Elf Earth Elementalist began the quest
                  | for the Orb.
     0 | D:1      | Reached XP level 1. HP: 10/10 MP: 6/6
   267 | D:1      | Reached XP level 2. HP: 15/15 MP: 5/8
   997 | D:1      | Reached skill level 4 in Spellcasting
  1321 | D:2      | Reached XP level 3. HP: 19/19 MP: 7/10
  1998 | D:1      | Identified a scroll of acquirement
  1998 | D:1      | Acquired 974 gold pieces
  2094 | D:3      | Found a glowing drain.
  2147 | Sewer    | Entered a sewer
  2153 | Sewer    | Reached XP level 4. HP: 24/24 MP: 7/12
  2470 | Sewer    | Reached skill level 5 in Spellcasting
  2690 | Sewer    | Noticed a bullfrog
  2695 | Sewer    | Killed a bullfrog
  2696 | Sewer    | Reached skill level 5 in Earth Magic
  2696 | Sewer    | Reached XP level 5. HP: 28/28 MP: 1/15
  2906 | Sewer    | Reached skill level 6 in Spellcasting
  2968 | D:3      | Reached XP level 6. HP: 32/32 MP: 13/17
  3022 | D:3      | Found a runed translucent gate.
  3022 | D:3      | Found a runed translucent gate.
  3022 | D:3      | Found a runed translucent gate.
  3024 | D:3      | Found an opulent altar of Gozag.
  3025 | D:3      | Noticed cforsyth's ghost (amateur DEEE)
  3185 | D:3      | Found a blossoming altar of Fedhas.
  3258 | D:3      | Found a glowing silver altar of Zin.
  3533 | D:4      | Reached skill level 7 in Spellcasting
  3663 | D:4      | Reached XP level 7. HP: 34/36 MP: 12/20
  3784 | D:4      | Found Muatwoc's Assorted Antiques.
  3902 | D:4      | Bought a scroll labelled ZOUNUM JASAGA for 23 gold pieces
  4363 | D:5      | Entered Level 5 of the Dungeon
  4418 | D:5      | Reached skill level 8 in Spellcasting
  4494 | D:5      | Identified the +2 robe of Words of Power {Will+ Int+7
                  | Dex-3}
  4974 | D:6      | Reached skill level 9 in Spellcasting
  5216 | D:6      | Reached XP level 8. HP: 41/41 MP: 20/23
  5287 | D:6      | Learned a level 3 spell: Stone Arrow
  5637 | D:6      | Noticed a hornet
  5640 | D:6      | Killed a hornet
  5641 | D:6      | Reached skill level 10 in Spellcasting
  6088 | D:7      | Found a staircase to the Ecumenical Temple.
  6211 | Temple   | Entered the Ecumenical Temple
  6228 | Temple   | Became a worshipper of Vehumet
  6240 | Temple   | Reached skill level 11 in Spellcasting
  6263 | D:7      | Reached XP level 9. HP: 16/45 MP: 17/26
  6546 | D:7      | Reached skill level 10 in Earth Magic
  6811 | D:7      | Reached * piety under Vehumet
  6811 | D:7      | Offered knowledge of Freeze by Vehumet.
  6861 | D:7      | Got Sif Muna's Textbook on Conjured Interference
  7032 | D:8      | Reached skill level 12 in Spellcasting
  7373 | D:8      | Found Kalimusm's General Store.
  7648 | D:8      | Noticed a troll
  7652 | D:8      | Killed a troll
  7804 | D:8      | Reached skill level 13 in Spellcasting
  8292 | D:9      | Noticed a two-headed ogre
  8295 | D:9      | Killed a two-headed ogre
  8296 | D:9      | Reached XP level 10. HP: 50/50 MP: 19/29
  8709 | D:9      | Reached skill level 14 in Spellcasting
  8782 | D:9      | Noticed a deep elf pyromancer
  8787 | D:9      | Killed a deep elf pyromancer
  9645 | D:10     | Entered Level 10 of the Dungeon
  9665 | D:10     | Reached ** piety under Vehumet
  9667 | D:10     | Offered knowledge of Static Discharge by Vehumet.
  9685 | D:10     | Found a staircase to the Orcish Mines.
  9882 | D:10     | Noticed Joseph
  9886 | D:10     | HP: 2/50 [Joseph/sling bullet (11)]
  9887 | D:10     | Shot with a sling bullet by Joseph

Illustrated notes

Levels and vault maps discovered:
D:1:      minmay_arrival_doors, layout_loops_corners, minmay_pentomino_s2
D:2:      layout_loops_corners
D:3:      layout_rooms, mainiacjoe_overflow_catch_the_wave, ebering_ghost_gozag,
          portal_sewer_entry_d
D:4:      layout_loops_ring, serial_shops, shop
D:5:      layout_basic
D:6:      layout_basic
D:7:      layout_cave_pools, minmay_temple_entry_glass, minmay_misc_feat_chi
D:8:      layout_loops_corners, serial_shops, nicolae_lakefront_shop
D:9:      minmay_skewed_foursquare, layout_stronghold, serial_glass,
          glass_columns_a, glass_columns_a, glass_columns_a, glass_columns_b,
          glass_columns_a, glass_columns_a, glass_columns_b, glass_columns_c,
          glass_columns_c, glass_columns_a
D:10:     layout_stronghold, nicolae_uskayaw_en_pointe, hiddenorc2_lemuel,
          serial_shops, nicolae_shop_behind_doors,
          nicolae_trove_entry_crossroad, uniq_joseph
Temple:   hellmonk_temple_of_storms

Skill      XL: |  1  2  3  4  5  6  7  8  9 10 |
---------------+-------------------------------+-----
Spellcasting   | 4 5 6 7 9 11 13 14 | 14.9
Earth Magic    | 4 5 6 8 9 11 12 | 12.9
Dodging        | |  2.4
Stealth        | |  2.4
Transmutations | |  1.1

Action                     |  1- 3 |  4- 6 |  7- 9 | 10-12 || total
---------------------------+-------+-------+-------+-------++-------
  Melee: Unarmed           |       |     1 |       |       ||     1
   Cast: Sandblast         |    64 |    96 |   143 |    64 ||   367
         Stone Arrow       |       |       |    16 |    24 ||    40
    Use: Scroll            |    12 |       |     3 |     6 ||    21
         Potion            |       |       |     2 |     1 ||     3
 Armour: Robe              |     4 |     5 |    23 |     7 ||    39
  Dodge: Dodged            |     8 |    30 |    56 |    39 ||   133

Table legend: (Time is in decaauts)
 A = Elapsed time spent in this place.
 B = Non-inter-level travel time spent in this place.
 C = Inter-level travel time spent in this place.
 D = Time resting spent in this place.
 E = Time spent auto-exploring this place.
 F = Levels seen in this place.
 G = Mean time per level.
                   A        B        C        D        E       F      G
               +--------+--------+--------+--------+--------+-----+--------+
         Total |  10144 |   9852 |    292 |   1426 |   6940 |  12 |  845.3 |
       Dungeon |   9129 |   8844 |    285 |    810 |   6797 |  10 |  912.9 |
        Temple |    147 |    140 |      7 |    114 |      9 |   1 |  147.0 |
         Sewer |    867 |    867 |      0 |    502 |    134 |   1 |  867.0 |
               +--------+--------+--------+--------+--------+-----+--------+

Top non-repeatable levels by time:
     D:9: 1363 daAuts
     D:8: 1347 daAuts
     D:1: 1116 daAuts
     D:4: 977 daAuts
     D:2: 955 daAuts
     D:6: 949 daAuts
   Sewer: 867 daAuts
     D:5: 797 daAuts
     D:7: 749 daAuts
     D:3: 607 daAuts
    D:10: 263 daAuts
  Temple: 147 daAuts
